 Dungeon Crawl Stone Soup version 0.20-a0-446-g9649680 (webtiles) character file.

103 Kriby the Magician (level 4, -7/30 HPs)
             Began as a Mummy Fire Elementalist on Jan 7, 2017.
             Mangled by an iguana (10 damage)
             ... on level 3 of the Dungeon.
             The game lasted 00:03:38 (2928 turns).

Kriby the Magician (Mummy Fire Elementalist)        Turns: 2928, Time: 00:03:39

Health: -7/30      AC:  4    Str: 11    XL:     4   Next: 51%
Magic:  14/18      EV: 12    Int: 18    God:
Gold:   154        SH:  0    Dex: 12    Spells: 0/10 levels left

rFire  x . .     SeeInvis .     f - +0 dagger (speed)
rCold  + . .     Gourm    .     a - +0 robe
rNeg   + + +     Faith    .     (no shield)
rPois  ∞         Spirit   .     l - +0 helmet
rElec  .         Reflect  .     h - +0 cloak
rCorr  .         Harm     .     (no gloves)
MR     .....                    (no boots)
Stlth  ++........               (no amulet)
                                k - ring of magical power
                                g - +3 ring of intelligence

@: no status effects
A: no food or potions, fire vulnerability, cold resistance 1, negative energy
resistance 3, torment resistance, unbreathing
a: no special abilities


You were on level 3 of the Dungeon.
You were not hungry.

You visited 1 branch of the dungeon, and saw 3 of its levels.

You collected 154 gold pieces.

Inventory:

Hand Weapons
 f - a +0 dagger of speed (weapon)
Armour
 a - a +0 robe (worn)
 h - a +0 cloak (worn)
 l - a +0 helmet (worn)
Jewellery
 g - a +3 ring of intelligence (left hand)
 k - a ring of magical power (right hand)
Wands
 m - a wand of polymorph (10/24)
 n - a wand of random effects (10/48)
Scrolls
 c - 4 scrolls of identify
 d - a scroll of blinking {unknown}
 e - a scroll of enchant weapon
 i - a scroll of immolation {unknown}
 j - a scroll of magic mapping {unknown}
Books
 b - a book of Flames

   Spells                             Type                      Level
   a - Flame Tongue                   Conjuration/Fire             1
   b - Throw Flame                    Conjuration/Fire             2
   c - Conjure Flame                  Conjuration/Fire             3
   d - Inner Flame                    Hexes/Fire                   3
   e - Sticky Flame                   Conjuration/Fire             4
   f - Fireball                       Conjuration/Fire             5


   Skills:
 - Level 1.5 Dodging
 - Level 1.5 Stealth
 * Level 3.9 Spellcasting
 * Level 2.5 Conjurations
 + Level 2.9 Fire Magic


You couldn't memorise any spells.
You knew the following spells:

 Your Spells              Type           Power        Failure   Level  Hunger
a - Flame Tongue          Conj/Fire      ##...        6%          1    N/A
b - Conjure Flame         Conj/Fire      ##......     17%         3    N/A
c - Sticky Flame          Conj/Fire      ##......     54%         4    N/A
d - Throw Flame           Conj/Fire      ##....       10%         2    N/A

Dungeon Overview and Level Annotations

Branches:
Dungeon (3/15)

Altars:


Innate Abilities, Weirdness & Mutations

You do not eat or drink.
Your flesh is vulnerable to fire.
You are immune to poison.
Your flesh is cold resistant. (rC+)
You are immune to negative energy. (rN+++)
You are immune to unholy pain and torment.
You can survive without breathing.


Message History

The iguana is heavily wounded.
The iguana bites you!
Casting: Flame Tongue
Confirm with . or Enter, or press ? or * to list all spells.
Aiming: Flame Tongue
Press: ? - help, Shift-Dir - straight line, f/p - iguana
Aim: an iguana (heavily wounded)
The flame tongue hits the iguana.
The iguana appears unharmed.
The iguana is heavily wounded.
The iguana bites you!
* * * LOW HITPOINT WARNING * * *
Casting: Flame Tongue
Confirm with . or Enter, or press ? or * to list all spells.
Aiming: Flame Tongue
Press: ? - help, Shift-Dir - straight line, f/p - iguana
Aim: an iguana (heavily wounded)
The flame tongue hits the iguana.
The iguana appears unharmed.
The iguana is heavily wounded.
The iguana bites you!
You die...

#.#
#.#.###.###.#
#.###.......#
#.#
#.......###.#
#.# #######.#
#.# #.#
#.###.###.#
#.........#
#####.##### #.#
#@#
#.......l.....#
#.####...####.#
.!...
########.#
##...##
#.<......#
##.## #
#.######## #.#
# #.# #.# ###.#


You could see an iguana.

Vanquished Creatures
  Robin (D:3)
  2 adders (D:2)
  A worm (D:2)
  A leopard gecko (D:3)
  2 ball pythons
  4 giant cockroaches
  17 goblins
  7 hobgoblins
  2 jackals (D:1)
  7 bats
  5 frilled lizards
  8 kobolds
  9 rats
66 creatures vanquished.

Notes
Turn   | Place    | Note
-------+----------+-------------------------------------------
     0 | D:1      | Kriby the Mummy Fire Elementalist began the quest for the Orb.
     0 | D:1      | Reached XP level 1. HP: 13/13 MP: 4/4
   123 | D:1      | Reached skill level 1 in Conjurations
   405 | D:1      | Reached XP level 2. HP: 19/19 MP: 2/5
   584 | D:1      | Reached skill level 3 in Spellcasting
  1217 | D:1      | Reached XP level 3. HP: 18/24 MP: 0/7
  2083 | D:2      | Reached XP level 4. HP: 30/30 MP: 4/9
  2252 | D:2      | Learned a level 3 spell: Conjure Flame
  2257 | D:2      | Learned a level 4 spell: Sticky Flame
  2260 | D:2      | Learned a level 2 spell: Throw Flame
  2608 | D:3      | Noticed Robin
  2621 | D:3      | Killed Robin
  2928 | D:3      | Mangled by an iguana

Vault maps used:
D:1:      dpeg_arrival_three_bigger_balls, kennysheep_crisscross
D:3:      lemuel_doored_altar, first_bread, kennysheep_cross_room,
          minmay_misc_feat_more_columns, grunt_ministairs_8, uniq_robin

Skill      XL: |  1  2  3 |
---------------+----------+-----
Conjurations   | 1 2 |  2.5
Spellcasting   | 3 |  3.9
Dodging        | |  1.5
Stealth        | |  1.5
Fire Magic     | |  2.9

Action                   |  1- 3 |  4- 6 || total
-------------------------+-------+-------++-------
Melee: Unarmed           |    10 |       ||    10
       Dagger            |    71 |       ||    71
 Cast: Flame Tongue      |    76 |    32 ||   108
  Use: Scroll            |     2 |       ||     2
Armor: Robe              |    25 |     2 ||    27
Dodge: Dodged            |    65 |       ||    65
